 Dungeon Crawl Stone Soup version 0.22.0 (webtiles) character file.

12 Lew the Ducker (level 2, 18/18 HPs)
             Began as an Octopode Fighter on Aug 10, 2018.
             Got out of the dungeon alive.
             The game lasted 00:01:12 (680 turns).

Lew the Ducker (Octopode Fighter)                    Turns: 680, Time: 00:01:13

Health: 18/18      AC:  1    Str: 15    XL:     2   Next: 33%
Magic:  2/2        EV: 12    Int: 10    God:
Gold:   49         SH:  8    Dex: 13    Spells: 1/1 levels left

rFire    . . .     SeeInvis .   a - +0 trident
rCold    . . .     Gourm    .   b - +0 shield
rNeg     . . .     Faith    .   (helmet restricted)
rPois    .         Spirit   .   (no amulet)
rElec    .         Reflect  .   (no ring)
rCorr    .         Harm     .   (no ring)
MR       .....     Clarity  +   (no ring)
Stlth    +++.......             (no ring)
HPRegen  0.06/turn              (no ring)
MPRegen  0.08/turn              (no ring)
                                (no ring)
                                (no ring)

@: no status effects
A: almost no armour, stealthy swim, amphibious, 8 rings, constrict 8, camouflage
1, agile 1, clarity, deterioration 1, frail 1, gelatinous body 1
a: no special abilities


You escaped.
You were not hungry.

You visited 1 branch of the dungeon, and saw 2 of its levels.

You collected 49 gold pieces.

Inventory:

Hand Weapons
 a - a +0 trident (weapon)
Armour
 b - a +0 shield (worn)
Scrolls
 k - a scroll of enchant weapon
Potions
 c - 2 potions of might
 e - a potion of heal wounds
 f - a potion of mutation
 i - a potion of degeneration
 j - a potion of curing
Comestibles
 d - 2 rations


   Skills:
 + Level 3.1 Fighting
 + Level 2.2 Polearms
 + Level 3.1 Dodging
 + Level 1.1 Stealth
 + Level 3.1 Shields


You had one spell level left.
You didn't know any spells.
Your spell library was empty.

Dungeon Overview and Level Annotations

Branches:
Dungeon (2/15)

Altars:


Innate Abilities, Weirdness & Mutations

You cannot wear most types of armour.
You are very stealthy in the water. (Stealth+)
You are amphibious.
You can wear up to eight rings at the same time.
You can use your tentacles to constrict eight enemies at once.
Your skin changes colour to match your surroundings (Stealth+).
Your rubbery body absorbs attacks. (AC +1, EV +1)
You are agile. (Dex +2)
You possess an exceptional clarity of mind.
Your body sometimes deteriorates upon taking damage.
You are frail. (-10% HP)


Message History

k - a scroll of enchant weapon
As you read the scroll of identify, it crumbles to dust.
j - a potion of curing
As you read the scroll of identify, it crumbles to dust.
i - a potion of degeneration It was a potion of heal wounds.
You feel much better.
It was a potion of mutation.
You feel extremely strange.
You feel frail.
You feel agile.
You feel yourself wasting away.
Your thoughts seem clearer.
You climb upwards.
There is a stone staircase leading down here.
There is an open door here.
There is an open door here.
You open the door.
There is an open door here.
There is an open door here.
You see here a dagger.
There is a staircase leading out of the dungeon here.
Are you sure you want to leave the Dungeon?
This will make you lose the game!
You have escaped!

###########
#.........#
#...⌠.⌠...# ##########
#.........# .........#
#.8.....8.# .........#
#.........# .........#
#....@....#
..)......###.........#
..########.#.8.....8.#
..########.#...⌠.⌠...#
...........#.........#
.........)>#..#####..#
.......(...#..#≈;≈#..#
...........#..#≈≈≈#..#
...........#..#≈≈≈#..#


You could see an electric eel.

Vanquished Creatures
  An ooze (D:1)
  3 bats (D:1)
  A giant cockroach (D:1)
  A goblin (D:1)
  A kobold (D:1)
7 creatures vanquished.

Notes
Turn   | Place    | Note
-------+----------+-------------------------------------------
     0 | D:1      | Lew the Octopode Fighter began the quest for the Orb.
     0 | D:1      | Reached XP level 1. HP: 16/16 MP: 1/1
     1 | D:1      | Noticed an electric eel
   185 | D:1      | Reached skill level 1 in Stealth
   185 | D:1      | Reached XP level 2. HP: 16/21 MP: 2/2
   591 | D:2      | Gained mutation: You are frail. (-10% HP) [potion of mutation]
   591 | D:2      | Gained mutation: You are agile. (Dex +2) [potion of mutation]
   591 | D:2      | Gained mutation: Your body sometimes deteriorates upon taking damage. [potion of mutation]
   591 | D:2      | Gained mutation: You possess an exceptional clarity of mind. [potion of mutation]
   680 | D:$      | Got out of the dungeon alive.

Skill      XL: |  1 |
---------------+----+-----
Stealth        | 1 |  1.1
Fighting       | |  3.1
Polearms       | |  2.2
Dodging        | |  3.1
Shields        | |  3.1

Action                   || total
-------------------------++-------
Melee: Trident           ||    14
       Constrict         ||     3
       Tentacles         ||     1
  Use: Scroll            ||     4
       Potion            ||     2
 Stab: Sleeping          ||     2
Armor: Skin              ||     1
Dodge: Dodged            ||     2
Block: Shield            ||     7
